 Seeded DCSS version 0.30.0-18-gc0e69614cb (webtiles) character file.

Game seed: 3183201067787337122 (custom seed)

1018 bmack86 the Cleaver (level 8, -6/64 HPs)
             Began as a Minotaur Fighter on May 24, 2023.
             Was an Initiate of Gozag.
             Mangled by a hornet (9 damage)
             ... on level 6 of the Dungeon.
             The game lasted 00:12:22 (3987 turns).

bmack86 the Cleaver (Minotaur Fighter)              Turns: 3987, Time: 00:12:22

Health: -6/64      AC:  9    Str: 22    XL:     8   Next: 2%
Magic:  0/7        EV:  8    Int: 11    God:    Gozag
Gold:   547        SH:  4    Dex: 11    Spells: 7/7 levels left

rFire   . . .        a - +0 war axe
rCold   . . .        c - +0 buckler
rNeg    . . .        n - +0 chain mail
rPois   .            (helmet restricted)
rElec   .            (no cloak)
rCorr   .            (no gloves)
SInv    .            (no boots)
Will    .....        r - amulet "Unidilai" {Spirit Int+6} Stlth
                     (no ring)
HPRegen 0.30/turn    (no ring)
MPRegen 0.10/turn

%: guardian spirit
@: lethally poisoned (-6 -> -9), slowed, very slow
A: horns 2, retaliatory headbutt
a: Renounce Religion, Potion Petition, Call Merchant, Bribe Branch


You were on level 6 of the Dungeon.
You worshipped Gozag.
Gozag was pleased with you.
You visited 1 branch of the dungeon, and saw 6 of its levels.

You collected 607 gold pieces.
You paid 60 gold pieces to Gozag.

Inventory:

Hand Weapons
 a - a +0 war axe (weapon)
 y - the +12 sling of the Brain {heavy, rCorr Int+2 Dex-5 Stlth+}
   (You found it on level 4 of the Dungeon)

   Int:       It affects your intelligence (+2).
   Dex:       It affects your dexterity (-5).
   rCorr:     It protects you from acid and corrosion.
   Stlth:     It makes you more stealthy.
Missiles
 i - 16 poisoned darts (quivered)
Armour
 b - a +0 scale mail
 c - a +0 buckler (worn)
 n - a +0 chain mail (worn)
Jewellery
 r - the amulet "Unidilai" (around neck) {Spirit Int+6}
   (You found it on level 2 of the Dungeon)

   [amulet of guardian spirit]

   It causes incoming damage to be divided between your reserves of health and
   magic.
   Int:       It affects your intelligence (+6).
Wands
 A - a wand of flame (15)
Scrolls
 e - 4 scrolls of teleportation {unknown}
 f - a scroll of silence {unknown}
 g - 2 scrolls of fog {unknown}
 l - a scroll of immolation {unknown}
 m - a scroll of fear {unknown}
 s - a scroll of noise {unknown}
 t - a scroll of magic mapping {unknown}
 w - a scroll of enchant armour {unknown}
Potions
 d - 3 potions of might
 h - 2 potions of invisibility
 j - 2 potions of haste
 k - 2 potions of mutation
 o - a potion of brilliance {unknown}
 p - a potion of curing {unknown}
 q - a potion of berserk rage {unknown}
 u - a potion of ambrosia {unknown}
 v - 2 potions of lignification {unknown}
 x - 2 potions of resistance
 z - a potion of attraction {unknown}


   Skills:
 - Level 3.6 Fighting
 * Level 10.2 Axes
 - Level 4.4 Ranged Weapons
 - Level 3.6 Armour
 - Level 3.6 Shields


You had 7 spell levels left.
You didn't know any spells.
Your spell library contained the following spells:

 Spells                   Type           Power      Damage    Failure   Level
 Lesser Beckoning         Tloc           0%         N/A       99%         2
 Gell's Gravitas          Tloc           0%         N/A       100%        3
 Teleport Other           Tloc           0%         N/A       100%        3


Dungeon Overview and Level Annotations

Branches:
Dungeon (6/15)
 Temple: D:4-7

Altars:
Gozag
Uskayaw
Vehumet
Yredelemnul

Shops:
D:5 *

Annotations:
D:3 2 transporters


Innate Abilities, Weirdness & Mutations

You have a pair of horns on your head.
You reflexively headbutt those who attack you in melee.


Message History

The hornet stings you but does no damage.
You block the hornet's attack.
Unknown command.
You closely miss the hornet.
The hornet is heavily wounded.
You feel yourself speed up. You block the hornet's attack. x2
Unknown command.
You closely miss the hornet.
The hornet is moderately wounded.
The hornet stings you.
You feel yourself slow down.
The hornet is distracted by your dazzling golden aura.
Unknown command.
The hornet buzzes angrily.
You slash the hornet!
The hornet is no longer distracted by gold.
The hornet is heavily wounded.
You feel yourself speed up. The hornet stings you!
You feel yourself slow down. The hornet stings you.
You are poisoned.
You feel as though you will be slow longer.
You hit the hornet.
The hornet is severely wounded.
You feel very sick. The hornet stings you.
* * * LOW HITPOINT WARNING * * *
You feel as though you will be slow longer.
The hornet stings you but does no damage.
You hit the hornet.
The hornet is severely wounded.
You feel sick. The hornet misses you. The hornet stings you!
* * * LOW HITPOINT WARNING * * *
You feel as though you will be slow longer.
The hornet closely misses you.
You closely miss the hornet. Your headbutt misses the hornet.
The hornet is severely wounded.
* * * LOW HITPOINT WARNING * * *
You feel sick. The hornet stings you!
You die...
Your body crumbles into a pile of gold.

....#...##
....#....#..............
#...#.....#.............
.###.#....#.............
#...###...#.............
#....#.###.#............
#..<..#...##............
.#....#....#....$$.$....
###...#.....####@##
.#.###.#....#...y.#
..#...###...#.....#
..#....#.###.#....+
..#.....#...##....#
##.#....#....#....#
..###...#.....#.### ..
#.###.#....#.# . #..
..###...#..


You could see a hornet.

Vanquished Creatures
  Sigmund (D:5)
  Menkaure (D:5)
  A black bear (D:4)
  An ogre (D:5)
  2 scorpions (D:5)
  2 hounds (D:5)
  2 orc priests (D:5)
  A gnoll bouda (D:5)
  3 iguanas
  2 orc wizards
  4 gnolls
  6 adders
  A white imp (D:5)
  2 dart slugs
  2 worms
  6 orcs
  4 ball pythons
  3 bats
  5 endoplasms
  3 giant cockroaches
  6 hobgoblins
  2 jackals (D:5)
  8 quokkas
  4 frilled lizards
  8 rats
80 creatures vanquished.

Notes
Turn   | Place    | Note
-------+----------+-------------------------------------------
     0 | D:1      | bmack86 the Minotaur Fighter began the quest for the Orb.
     0 | D:1      | Reached XP level 1. HP: 19/19 MP: 0/0
   202 | D:1      | Reached skill level 3 in Axes
   425 | D:1      | Reached XP level 2. HP: 26/26 MP: 1/1
   467 | D:1      | Reached skill level 4 in Axes
   586 | D:1      | Found a faded altar of an unknown god.
   743 | D:2      | Reached XP level 3. HP: 31/31 MP: 2/2
  1265 | D:3      | Found a transporter.
  1329 | D:3      | Found a transporter.
  1371 | D:3      | Found an opulent altar of Gozag.
  1382 | D:3      | Became a worshipper of Gozag Ym Sagoz the Greedy
  1529 | D:2      | Reached skill level 5 in Axes
  1580 | D:2      | Reached XP level 4. HP: 39/39 MP: 3/3
  1791 | D:2      | Identified the amulet "Unidilai" {Spirit Int+6}
  2252 | D:4      | Found a basalt altar of Yredelemnul.
  2409 | D:4      | Reached skill level 6 in Axes
  2457 | D:4      | Identified the +12 sling of the Brain {heavy, rCorr Int+2
                  | Dex-5 Stlth+}
  2474 | D:4      | Noticed a black bear
  2478 | D:4      | Killed a black bear
  2479 | D:4      | Reached XP level 5. HP: 45/45 MP: 4/4
  2724 | D:5      | Entered Level 5 of the Dungeon
  2730 | D:5      | Reached XP level 6. HP: 51/51 MP: 5/5
  2789 | D:5      | Noticed Sigmund
  2798 | D:5      | Killed Sigmund
  2799 | D:5      | Reached skill level 7 in Axes
  2799 | D:5      | Reached XP level 7. HP: 42/57 MP: 4/6
  2808 | D:5      | Reached skill level 8 in Axes
  2808 | D:5      | Found Ybiattul's Overcharged Wands.
  2818 | D:5      | Noticed Menkaure
  3062 | D:5      | Killed Menkaure
  3063 | D:5      | Reached skill level 9 in Axes
  3351 | D:5      | Found a hide-covered altar of Uskayaw.
  3351 | D:5      | Found a radiant altar of Vehumet.
  3646 | D:5      | Reached skill level 10 in Axes
  3971 | D:6      | Noticed a hornet
  3978 | D:6      | Reached XP level 8. HP: 48/64 MP: 4/7
  3987 | D:6      | HP: 3/64 [poisoned by a hornet]
  3987 | D:6      | Mangled by a hornet

Illustrated notes

Levels and vault maps discovered:
D:1:      matt_arrival_refuge, layout_loops_cross,
          hellmonk_ecumenical_altar_inner_sanctum, minmay_pentomino_r4
D:2:      layout_basic, serial_forest, infiniplex_forest_lined_3,
          infiniplex_forest_lined_3_way, infiniplex_forest_straight_2,
          infiniplex_forest_clump_curved, infiniplex_forest_lined_3,
          infiniplex_forest_side_room, infiniplex_forest_clump_diagonal,
          infiniplex_forest_lined_3_way
D:3:      gammafunk_wand_slinger, layout_loops_corners,
          nicolae_overflow_crystal_walls
D:4:      layout_rooms, mainiacjoe_overflow_alcove_2
D:5:      layout_rooms, nicolae_overflow_two_pavilions, minmay_misc_feat_iff,
          nicolae_shop_overcharged_wands, uniq_menkaure, uniq_sigmund
D:6:      nicolae_BIG_FREAKIN_CUBE, layout_gridville,
          minmay_temple_entry_junction, biasface_ghost_orc_armoury,
          serial_shops, shop, nicolae_shop_hallway_plus,
          minmay_stone_trees_small

Skill      XL: |  1  2  3  4  5  6  7 |
---------------+----------------------+-----
Axes           | 3 4 5 6 7 10 | 10.2
Ranged Weapons | 3 4 |  4.4
Fighting       | |  3.6
Armour         | |  3.6
Shields        | |  3.6

Action                     |  1- 3 |  4- 6 |  7- 9 || total
---------------------------+-------+-------+-------++-------
  Melee: War axe           |    46 |    75 |    67 ||   188
         Headbutt          |     6 |     9 |     6 ||    21
   Fire: Sling             |       |     5 |       ||     5
  Throw: Dart              |       |     8 |     2 ||    10
    Use: Scroll            |     1 |       |     3 ||     4
 Armour: Scale mail        |    28 |    34 |    12 ||    74
         Chain mail        |       |       |     9 ||     9
  Dodge: Dodged            |    29 |    25 |    23 ||    77
  Block: Buckler           |    17 |    14 |    18 ||    49
